 Dungeon Crawl Stone Soup version 0.26-a0-597-gb535b0901c (webtiles) character file.

Game seed: 7682266217186203757

61615 vurker the Gelid (level 15, -1/97 HPs)
             Began as a Kobold Ice Elementalist on Sept 12, 2020.
             Was a High Priest of Vehumet.
             Slain by a stone giant (33 damage)
             ... on level 2 of the Orcish Mines.
             The game lasted 00:34:19 (24948 turns).

vurker the Gelid (Kobold Ice Elementalist)         Turns: 24948, Time: 00:34:20

Health: -1/97      AC: 13    Str:  6    XL:     15   Next: 42%
Magic:  30/43      EV: 15    Int: 28    God:    Vehumet [*****.]
Gold:   887        SH:  8    Dex: 15    Spells: 32/45 levels left

rFire    . . .     SeeInvis .   r - +4 whip of Cuaved {venom, *Slow rPois rN+ Int+2}
rCold    + . .     Faith    .   N - +2 buckler {reflect}
rNeg     + . .     Spirit   .   M - +2 robe {rF+}
rPois    +         Reflect  +   L - +1 hat {Int+3}
rElec    .         Harm     .   w - +2 cloak {Stlth+}
rCorr    .                      j - +1 pair of gloves
MR       +....                  G - +2 pair of boots
Stlth    +++.......             c - amulet of regeneration
HPRegen  0.66/turn              o - ring of ice
MPRegen  0.28/turn              e - ring of magical power

@: frozen ramparts
A: small, nightstalker 3
a: Renounce Religion


You were on level 2 of the Orcish Mines.
You worshipped Vehumet.
Vehumet was extremely pleased with you.
You visited 4 branches of the dungeon, and saw 20 of its levels.

You collected 1447 gold pieces.
You spent 560 gold pieces at shops.

Inventory:

Hand Weapons
 r - the +4 whip of Cuaved (weapon) {venom, *Slow rPois rN+ Int+2}
   (You found it on level 4 of the Dungeon)

   It poisons the flesh of those it strikes.
   It affects your intelligence (+2).
   It protects you from poison.
   It protects you from negative energy.
   It may slow you when you take damage.
Armour
 j - a +1 pair of gloves (worn)
   (You found it on level 3 of the Dungeon)
 w - a +2 cloak of stealth (worn)
   (You took it off Crazy Yiuf on level 4 of the Dungeon)
 A - a +2 robe of cold resistance
   (You bought it in a shop on level 5 of the Dungeon)
 G - a +2 pair of boots (worn)
   (You found it on level 7 of the Dungeon)
 L - a +1 hat of intelligence (worn)
   (You took it off Gastronok on level 2 of the Lair of Beasts)
 M - a +2 robe of fire resistance (worn)
   (You took it off Josephine on level 10 of the Dungeon)
 N - a +2 buckler of reflection (worn)
   (You acquired it on level 5 of the Lair of Beasts)
Jewellery
 c - an amulet of regeneration (around neck)
   (You found it on level 1 of the Dungeon)
 e - a ring of magical power (right hand)
   (You found it on level 6 of the Dungeon)
 g - an uncursed ring of resist corrosion
   (You found it on level 6 of the Dungeon)
 o - a ring of ice (left hand)
   (You found it on level 2 of the Dungeon)
 C - an uncursed ring of fire
   (You found it on level 8 of the Dungeon)
 D - an uncursed ring of protection from magic
   (You found it on level 9 of the Dungeon)
 P - an uncursed ring of poison resistance
   (You found it on level 6 of the Lair of Beasts)
Wands
 d - a wand of iceblast (22)
   (You found it on level 3 of the Dungeon)
 v - a wand of digging (7)
   (You found it on level 11 of the Dungeon)
 x - a wand of acid (20)
   (You found it on level 1 of the Lair of Beasts)
 I - a wand of enslavement (8)
   (You found it on level 8 of the Dungeon)
 J - a wand of polymorph (11)
   (You found it on level 11 of the Dungeon)
Scrolls
 h - 14 scrolls of remove curse
 k - 4 scrolls of magic mapping
 l - 9 scrolls of teleportation
 m - 3 scrolls of fog
 q - 4 scrolls of enchant weapon
 y - 2 scrolls of blinking
 B - a scroll of fear
 E - 3 scrolls of amnesia
 H - 2 scrolls of silence
 K - a scroll of immolation
Potions
 a - 4 potions of lignification
 b - 16 potions of curing
 f - 6 potions of brilliance
 i - 2 potions of berserk rage {unknown}
 n - 3 potions of degeneration {unknown}
 p - 2 potions of flight {unknown}
 s - 5 potions of haste
 t - a potion of magic {unknown}
 u - 2 potions of mutation
 z - 4 potions of heal wounds
 F - 5 potions of ambrosia
 O - 2 potions of resistance {unknown}


   Skills:
 + Level 12.3 Fighting
 - Level 2.4 Dodging
 - Level 2.6 Stealth
 * Level 4.9 Shields
 * Level 15.6 Spellcasting
 * Level 15.8 Ice Magic


You had 32 spell levels left.
You knew the following spells:

 Your Spells              Type           Power        Failure   Level
a - Freeze                Ice            ####         0%          1
b - Frozen Ramparts       Ice            ######       0%          3
c - Hailstorm             Conj/Ice       #######.     1%          4
d - Summon Ice Beast      Ice/Summ       #######.     1%          4
p - Apportation           Tloc           ###...       2%          1

Your spell library contained the following spells:

 Spells                   Type           Power        Failure   Level
 Lightning Bolt           Conj/Air       ###.......   17%         5
 Ozocubu's Armour         Ice            ########     0%          3
 Magic Dart               Conj           ###.         1%          1
 Conjure Flame            Conj/Fire      ###.....     1%          3
 Mephitic Cloud           Conj/Pois/Air  ###.....     1%          3
 Animate Skeleton         Necr           ###...       2%          1
 Corona                   Hex            ###....      2%          1
 Summon Small Mammal      Summ           ###.         2%          1
 Blink                    Tloc           N/A          3%          2
 Call Imp                 Summ           ###.....     3%          2
 Slow                     Hex            ###.....     3%          2
 Bolt of Magma            Conj/Fire/Erth ###.......   17%         5
 Leda's Liquefaction      Hex/Erth       ###.......   24%         4
 Summon Demon             Summ           ###.......   54%         5
 Summon Forest            Summ/Tloc      ###.......   54%         5
 Summon Mana Viper        Hex/Summ       ###.....     54%         5
 Iron Shot                Conj/Erth      ###.......   63%         6
 Shadow Creatures         Summ           N/A          98%         6
 Statue Form              Tmut/Erth      ###......    98%         6
 Summon Hydra             Summ           ###.......   100%        7
 Shatter                  Erth           ###.......   100%        9


Dungeon Overview and Level Annotations

Branches:
Dungeon (11/15)            Temple (1/1) D:4            Lair (6/6) D:10
  Swamp (0/4) Lair:2       Spider (0/4) Lair:3        Slime (0/5) Lair:5
    Orc (2/2) D:9
    Elf: Orc:2

Altars:
Ashenzari
Cheibriados
Dithmenos
Elyvilon
Fedhas
Gozag
Hepliaklqana
Kikubaaqudgha
Makhleb
Nemelex Xobeh
Okawaru
Qazlal
Ru
Sif Muna
Trog
Uskayaw
Vehumet
Wu Jian
Xom
Yredelemnul
Zin
The Shining One
Beogh

Shops:
D:5 [   D:10 *

Annotations:
D:9 3 runed translucent doors, Lanoc's ghost, journeyman DsIE; MackTheKnife's ghost, novice DsMo; p0werm0de's ghost, novice MiFi
Lair:5 1 runed translucent door, Qeorph's ghost, journeyman FoAK


Innate Abilities, Weirdness & Mutations

You are small and have problems with some larger weapons.
You are completely attuned to the shadows.


Message History

You can't see any susceptible monsters within range! (Use Z to cast anyway.)
You feel a surge of power!
The walls around you are covered in ice.
The wall freezes the orc warrior!
The orc warrior hits you with a +0 battleaxe!!
The stone giant throws a large rock.
The large rock hits you!!
You feel a surge of power!
A cannonade of hail descends around you!
The hail pelts the orc priest!
You kill the orc priest!
Vehumet accepts your kill.
The stone giant throws a large rock.
You reflect the large rock off your +2 buckler of reflection!
The large rock hits the stone giant!
The wall freezes the ogre.
The wall freezes the orc warrior!
You kill the orc warrior!
Vehumet accepts your kill.
You feel your power returning.
There is a stone staircase leading up here.
You feel a surge of power!
A cannonade of hail descends around you!
The hail pelts the ogre!!
The wall freezes the ogre.
You kill the ogre!
Vehumet accepts your kill.
You feel your power returning.
An orc warrior comes into view. It is wielding a +0 war axe.
You can't see any susceptible monsters within range! (Use Z to cast anyway.)
The stone giant throws a large rock.
The large rock hits you!!!
* * * LOW HITPOINT WARNING * * *
You see here a large rock.
Unknown command.
You feel a surge of power!
A cannonade of hail descends around you!
The hail pelts the orc warrior!!
You kill the orc warrior!
Vehumet accepts your kill.
You feel your power returning.
The hail pelts the stone giant!
An orc warrior comes into view. It is wielding a +0 short sword.
The wall freezes the stone giant.
The wall freezes the stone giant!
There is a stone staircase leading up here.
As you read the scroll of fear, it crumbles to dust.
You assume a fearsome visage.
The stone giant resists with almost no effort.
The stone giant completely misses you.
Found 9 gold pieces.
Found 29 gold pieces.
You feel a surge of power! A chill wind blows around you.
The stone giant hits you!!
You die...

...##..
.....
$##...
....$###
....@..###
##..C.Y...
.##.......
.......)..
.....<.#.#
....(.(# .
.......).$.
..)..#.#...
......))#..


You could see a stone giant and a friendly ice beast (summoned).

Vanquished Creatures
  Gastronok (Lair:2)
  9 hydras
  A two-headed ogre (Orc:1)
  8 death yaks
  An orc high priest (Orc:1)
  Sonja (D:10)
  A manticore (D:11)
  An ugly thing (D:11)
  A cyclops (D:11)
  5 black mambas
  2 elephants (Lair:4)
  13 komodo dragons
  21 cane toads
  3 rime drakes
  2 jumping spiders (Lair:3)
  A troll (D:6)
  A bog body (Lair:2)
  A hornet (Lair:4)
  19 blink frogs
  A tyrant leech (Lair:6)
  11 hippogriffs
  14 dream sheep (Lair:5)
  6 redbacks (Lair:3)
  2 shadows (D:11)
  6 wraiths
  33 yaks
  A basilisk (D:10)
  Eustachio (D:4)
  6 vampire mosquitoes (Lair:6)
  8 porcupines
  17 water moccasins
  14 orc warriors
  6 black bears
  An ice beast (D:9)
  A sky beast (D:10)
  A phantom (D:4)
  14 wolves
  5 ogres
  3 centaurs
  10 crocodiles
  2 big kobolds
  25 bullfrogs
  5 scorpions
  5 killer bees (D:11)
  6 jellies
  4 wights (D:8)
  2 electric eels (Lair:6)
  A crimson imp (D:6)
  A howler monkey (D:2)
  A centaur zombie (D:7)
  A bullfrog zombie (D:6)
  A quasit (D:10)
  Crazy Yiuf (D:4)
  12 orc priests
  2 bullfrog skeletons
  5 hounds
  A centaur skeleton (D:11)
  5 iguanas
  12 orc wizards
  4 hell rats (Lair:6)
  7 worker ants
  A hound skeleton (D:9)
  A howler monkey zombie (D:7)
  A worker ant zombie (D:6)
  Robin (D:4)
  11 adders
  2 white imps
  An ufetubus (D:9)
  4 oozes
  2 adder skeletons
  2 worms
  A dart slug (D:3)
  A leopard gecko (D:6)
  58 orcs
  8 bats
  8 giant cockroaches
  18 goblins
  7 hobgoblins
  2 jackals (D:3)
  2 quokkas
  3 ball pythons
  4 frilled lizards
  A jackal skeleton (D:4)
  12 kobolds
  A leopard gecko skeleton (D:7)
  2 quokka zombies
  3 rats
513 creatures vanquished.

Vanquished Creatures (collateral kills)
  Snorg (D:11)
  Josephine (D:10)
  2 hydras
  A two-headed ogre (D:9)
  A death yak (Lair:5)
  An elephant (Lair:4)
  2 cane toads (Lair:6)
  2 tyrant leeches (Lair:6)
  8 dream sheep (Lair:5)
  A wraith (D:10)
  7 yaks
  A steam dragon (Lair:3)
  A water moccasin (Lair:6)
  An ice beast (D:9)
  A phantom (D:10)
  2 wolves (Lair:4)
  A howler monkey zombie (D:10)
34 creatures vanquished.

Vanquished Creatures (others)
  78 fungi
  140 plants
218 creatures vanquished.

Grand Total: 765 creatures vanquished

Notes
Turn   | Place    | Note
-------+----------+-------------------------------------------
     0 | D:1      | vurker the Kobold Ice Elementalist began the quest for the
                  | Orb.
     0 | D:1      | Reached XP level 1. HP: 10/10 MP: 3/3
   116 | D:1      | Reached XP level 2. HP: 16/16 MP: 3/5
   780 | D:1      | Reached XP level 3. HP: 20/20 MP: 5/7
   785 | D:1      | Learned a level 3 spell: Frozen Ramparts
   870 | D:1      | Reached skill level 1 in Fighting
  1076 | D:2      | Found an iron altar of Okawaru.
  1365 | D:2      | Reached XP level 4. HP: 19/25 MP: 3/9
  1615 | D:3      | Reached XP level 5. HP: 18/30 MP: 3/10
  1918 | D:3      | Reached skill level 5 in Ice Magic
  2102 | D:3      | Found a stormy altar of Qazlal.
  2106 | D:3      | Reached XP level 6. HP: 23/35 MP: 5/12
  2113 | D:3      | Learned a level 4 spell: Hailstorm
  2118 | D:3      | Learned a level 4 spell: Summon Ice Beast
  2176 | D:3      | Found a snail-covered altar of Cheibriados.
  2338 | D:3      | Found a blossoming altar of Fedhas.
  2564 | D:4      | Noticed Eustachio
  2572 | D:4      | Killed Eustachio
  2663 | D:4      | Got an ancient whip
  2670 | D:4      | Identified the +4 whip of Cuaved {venom, *Slow rPois rN+
                  | Int+2} (You found it on level 4 of the Dungeon)
  2700 | D:4      | Found a runed translucent door.
  2703 | D:4      | Noticed Crazy Yiuf
  2756 | D:4      | Reached XP level 7. HP: 40/40 MP: 8/14
  2935 | D:4      | Found a staircase to the Ecumenical Temple.
  2965 | Temple   | Entered the Ecumenical Temple
  3148 | D:4      | Reached skill level 5 in Spellcasting
  3341 | D:4      | Noticed Robin
  3350 | D:4      | Killed Robin
  3616 | D:4      | Killed Crazy Yiuf
  3704 | D:5      | Entered Level 5 of the Dungeon
  4049 | D:5      | Found Piarenku's Antique Armour Boutique.
  4052 | D:5      | Bought an embroidered robe for 92 gold pieces
  4052 | D:5      | Bought a runed helmet for 187 gold pieces
  4243 | D:5      | Noticed a +0 dagger
  4243 | D:5      | Noticed a +0 hand axe
  4273 | D:5      | Found a hide-covered altar of Uskayaw.
  4522 | D:6      | Reached XP level 8. HP: 48/48 MP: 10/16
  4664 | D:6      | Found a burning altar of Makhleb.
  5204 | D:6      | Noticed a troll
  5217 | D:6      | Killed a troll
  5470 | D:6      | Noticed a seven-headed hydra
  5504 | D:6      | Killed a seven-headed hydra
  5504 | D:6      | Reached skill level 5 in Fighting
  5504 | D:6      | Reached XP level 9. HP: 32/54 MP: 17/20
  6697 | D:6      | Found a burning altar of Makhleb.
  6859 | D:7      | Found a hazy altar of Hepliaklqana.
  6860 | D:7      | Found a shadowy altar of Dithmenos.
  7206 | D:7      | Noticed a hippogriff
  7216 | D:7      | Killed a hippogriff
  7222 | D:7      | Found a shattered altar of Ashenzari.
  7418 | D:7      | Reached XP level 10. HP: 60/60 MP: 22/22
  8966 | D:8      | Found a bloodstained altar of Trog.
  9227 | D:9      | Found a staircase to the Orcish Mines.
  9360 | D:9      | Reached skill level 10 in Ice Magic
  9513 | D:9      | Found a roughly hewn altar of Beogh.
  9912 | D:9      | Found an opulent altar of Gozag.
  9985 | D:9      | Noticed a two-headed ogre
  9996 | D:9      | Killed a two-headed ogre
 10067 | D:9      | Found a runed translucent gate.
 10073 | D:9      | Reached skill level 10 in Spellcasting
 10146 | D:9      | Found a runed translucent gate.
 10147 | D:9      | Found a runed translucent gate.
 10202 | D:9      | Found a radiant altar of Vehumet.
 10303 | D:9      | Became a worshipper of Vehumet
 10500 | D:9      | Noticed MackTheKnife's ghost (novice DsMo)
 10500 | D:9      | Noticed Lanoc's ghost (journeyman DsIE)
 10501 | D:9      | Noticed p0werm0de's ghost (novice MiFi)
 10520 | D:10     | Entered Level 10 of the Dungeon
 10679 | D:10     | Found Leridgha's Assorted Antiques.
 10686 | D:10     | Bought a fuming sapphire potion for 19 gold pieces
 10686 | D:10     | Bought a scroll of blinking for 165 gold pieces
 10686 | D:10     | Bought a green potion for 19 gold pieces
 10686 | D:10     | Bought 3 white potions for 59 gold pieces
 10686 | D:10     | Bought a brown potion for 19 gold pieces
 10766 | D:10     | Reached XP level 11. HP: 67/67 MP: 23/25
 11120 | D:10     | Found a staircase to the Lair.
 11412 | D:10     | Reached * piety under Vehumet
 11412 | D:10     | Offered knowledge of Shock by Vehumet.
 11609 | D:10     | Noticed Sonja
 11616 | D:10     | Killed Sonja
 12054 | D:10     | Noticed Josephine
 12060 | D:10     | Killed Josephine
 12765 | D:11     | Noticed a cyclops
 12770 | D:11     | Killed a cyclops
 13220 | D:11     | Noticed a manticore
 13225 | D:11     | Killed a manticore
 13323 | D:11     | Found a shattered altar of Ashenzari.
 13493 | D:11     | Reached XP level 12. HP: 75/75 MP: 27/27
 13541 | D:11     | Reached ** piety under Vehumet
 13541 | D:11     | Offered knowledge of Magic Dart by Vehumet.
 13743 | D:11     | Noticed a six-headed hydra
 13752 | D:11     | Killed a six-headed hydra
 13865 | D:11     | Noticed Snorg
 13871 | D:11     | Killed Snorg
 14032 | Lair:1   | Entered Level 1 of the Lair of Beasts
 14537 | Lair:1   | Noticed a four-headed hydra
 14543 | Lair:1   | Killed a four-headed hydra
 14629 | Lair:1   | Learned a level 1 spell: Apportation
 14907 | Lair:1   | Noticed a seven-headed hydra
 14914 | Lair:1   | Killed a seven-headed hydra
 15880 | Lair:2   | Noticed a six-headed hydra
 15885 | Lair:2   | Killed a six-headed hydra
 15964 | Lair:2   | Noticed Gastronok
 15975 | Lair:2   | Killed Gastronok
 15975 | Lair:2   | Reached skill level 10 in Fighting
 16094 | Lair:2   | Reached XP level 13. HP: 82/82 MP: 29/29
 16131 | Lair:2   | Offered knowledge of Conjure Flame by Vehumet.
 16507 | Lair:2   | Noticed a seven-headed hydra
 16515 | Lair:2   | Killed a seven-headed hydra
 16641 | Lair:2   | Found a staircase to the Swamp.
 16824 | Lair:2   | Noticed a six-headed hydra
 16830 | Lair:2   | Killed a six-headed hydra
 17149 | Lair:3   | Reached *** piety under Vehumet
 17152 | Lair:3   | Noticed a four-headed hydra
 17362 | Lair:3   | Found a hole to the Spider Nest.
 17582 | Lair:3   | Killed a four-headed hydra
 18451 | Lair:4   | Offered knowledge of Iskenderun's Mystic Blast by Vehumet.
 18938 | Lair:4   | Reached XP level 14. HP: 90/90 MP: 26/32
 19004 | Lair:4   | Reached **** piety under Vehumet
 19433 | Lair:4   | Offered knowledge of Dazzling Flash by Vehumet.
 20547 | Lair:5   | Identified a scroll of acquirement
 20547 | Lair:5   | Acquired a +2 buckler of reflection
 20576 | Lair:5   | Reached skill level 15 in Ice Magic
 20719 | Lair:5   | Reached skill level 1 in Shields
 21225 | Lair:5   | Found a staircase to the Slime Pits.
 21400 | Lair:5   | Found a runed translucent door.
 21401 | Lair:5   | Found a shimmering altar of Xom.
 21401 | Lair:5   | Noticed Qeorph's ghost (journeyman FoAK)
 21925 | Lair:6   | Entered Level 6 of the Lair of Beasts
 21966 | Lair:6   | Reached skill level 15 in Spellcasting
 22189 | Lair:6   | Reached ***** piety under Vehumet
 22211 | Lair:6   | Offered knowledge of Lightning Bolt by Vehumet.
 22577 | Lair:6   | Reached XP level 15. HP: 96/96 MP: 24/34
 23468 | Lair:6   | Got a smoking steel amulet
 23492 | Lair:6   | Identified the amulet "Ukher" {Acrobat +Blink rC+ Dex-5}
                  | (You found it on level 6 of the Lair of Beasts)
 24352 | Orc:1    | Entered Level 1 of the Orcish Mines
 24933 | Orc:2    | Entered Level 2 of the Orcish Mines
 24935 | Orc:2    | Noticed a stone giant
 24948 | Orc:2    | Slain by a stone giant

Illustrated notes

Levels and vault maps discovered:
D:1:      dpeg_arrival_solitude, layout_basic
D:2:      cheibrodos_old_hovel, layout_rooms, okawaru_gym_becter
D:3:      layout_rooms, fedhas_altar_1, nicolae_qazlal_eye_of_the_storm,
          kennysheep_slug_shrine, grunt_ministairs_8
D:4:      layout_basic, minmay_temple_entry_slanted, uniq_eustachio, uniq_robin,
          uniq_crazy_yiuf_cottage
D:5:      layout_basic, dancing_weapons_uskayaw, serial_shops,
          nicolae_shop_behind_doors, eino_tiny_chamber, hex_intersection,
          minmay_misc_feat_cross
D:6:      layout_basic, makhleb_grotto_becter, grunt_ministairs_6,
          grunt_potential
D:7:      layout_basic, riverfiend_overflow_shadow_ancestor,
          evilmike_ruin_ashenzari
D:8:      layout_loops_corners, lightli_temple_of_fire
D:9:      layout_roguey, kennysheep_mini, grunt_gozag_statues,
          minmay_orc_entry_temple_small, gammafunk_ghost_cemetery
D:10:     layout_gridville, minmay_lair_entry_grove, serial_shops,
          nicolae_shop_overgrown_old_shop, uniq_sonja, uniq_josephine
D:11:     layout_loops_cross, basic_altar, uniq_snorg
Temple:   jpeg_temple_clearing
Lair:1:   layout_cellular_growth, grunt_megastairs_1
Lair:2:   layout_hall_layers, skrybe_swamp_entry_bodies,
          chequers_serial_rivers_room_a, uniq_gastronok
Lair:3:   layout_hall_layers, nicolae_spider_entry_tight_spaces
Lair:4:   layout_cave_pods, grunt_megastairs_2
Lair:5:   layout_regular_city, nicolae_slime_entry_slimehenge, ebering_ghost_xom
Lair:6:   minmay_lair_end_frog_pond, layout_small_grid
Orc:1:    layout_caves, special_room [special_room_bee]
Orc:2:    grunt_orc_gardens, layout_caves, grunt_orc_garden, grunt_orc_garden,
          grunt_orc_garden, grunt_orc_garden, minmay_shop_mass

Skill      XL: |  1  2  3  4  5  6  7  8  9 10 11 12 13 14 15 |
---------------+----------------------------------------------+-----
Fighting       | 1 2 3 5 6 7 8 10 11 12 | 12.3
Spellcasting   | 3 4 5 7 8 10 11 12 14 15 | 15.6
Ice Magic      | 5 6 8 9 10 12 13 14 15 | 15.8
Shields        | 3 4 |  4.9
Dodging        | |  2.4
Stealth        | |  2.6

Action                   |  1- 3 |  4- 6 |  7- 9 | 10-12 | 13-15 || total
-------------------------+-------+-------+-------+-------+-------++-------
Melee: Unarmed           |     9 |       |       |       |       ||     9
       Short sword       |    11 |     2 |       |       |       ||    13
       Dagger            |       |    48 |     4 |     7 |       ||    59
       Whip              |       |       |   169 |    75 |    20 ||   264
 Cast: Freeze            |    33 |    23 |    64 |    69 |   117 ||   306
       Frozen Ramparts   |       |    10 |    22 |    48 |    57 ||   137
       Summon Ice Beast  |       |       |     3 |    41 |    29 ||    73
       Hailstorm         |       |       |     3 |   141 |   249 ||   393
  Use: Scroll            |       |       |    17 |     9 |     3 ||    29
 Stab: Sleeping          |    10 |     6 |     8 |     1 |       ||    25
       Distracted        |       |       |     1 |       |       ||     1
Armor: Robe              |     1 |    21 |    67 |    65 |    56 ||   210
Dodge: Dodged            |    36 |    52 |   138 |   158 |   127 ||   511
Block: Buckler           |       |       |       |       |    31 ||    31
       Reflection        |       |       |       |       |     3 ||     3

Table legend: (Time is in decaauts)
 A = Elapsed time spent in this place.
 B = Non-inter-level travel time spent in this place.
 C = Inter-level travel time spent in this place.
 D = Time resting spent in this place.
 E = Time spent auto-exploring this place.
 F = Levels seen in this place.
 G = Mean time per level.
                   A        B        C        D        E       F      G
               +--------+--------+--------+--------+--------+-----+--------+
         Total |  25030 |  24023 |   1007 |    106 |  20754 |  20 | 1251.5 |
       Dungeon |  14271 |  13754 |    517 |      0 |  11771 |  11 | 1297.4 |
        Temple |    141 |    131 |     10 |      0 |    130 |   1 |  141.0 |
          Lair |  10247 |   9779 |    468 |    106 |   8575 |   6 | 1707.8 |
  Orcish Mines |    369 |    357 |     12 |      0 |    277 |   2 |  184.5 |
               +--------+--------+--------+--------+--------+-----+--------+

Top non-repeatable levels by time:
  Lair:6: 2345 daAuts
     D:6: 2262 daAuts
    D:10: 2061 daAuts
  Lair:4: 1862 daAuts
  Lair:1: 1747 daAuts
  Lair:5: 1667 daAuts
     D:9: 1653 daAuts
    D:11: 1561 daAuts
  Lair:2: 1554 daAuts
     D:8: 1491 daAuts
  Lair:3: 1071 daAuts
     D:4: 1003 daAuts
     D:3: 958 daAuts
     D:1: 911 daAuts
     D:7: 893 daAuts
